 Dungeon Crawl Stone Soup version 0.30-a0-883-g5ad918d77d (webtiles) character file.

Game seed: 6390623267698632

1811 Bnni the Tainter (level 9, -1/47 (68) HPs)
             Began as a Formicid Venom Mage on Mar 16, 2023.
             Was a Believer of Cheibriados.
             Slain by a wight
             ... wielding a +1 spear
              (6 damage)
             ... on level 8 of the Dungeon.
             The game lasted 00:16:12 (7176 turns).

Bnni the Tainter (Formicid Venom Mage)              Turns: 7176, Time: 00:16:13

HP:   -1/47 (68)    AC: 10    Str: 19    XL:     9   Next: 31%
MP:   10/13         EV: 11    Int: 21    God:    Cheibriados [**....]
Gold: 453           SH:  0    Dex: 18    Spells: 4/14 levels left

rFire   + . .      SeeInvis +    o - +0 lajatang
rCold   + + .      Faith    +    (no shield)
rNeg    . . .      Spirit   .    j - +2 ring mail {rC+}
rPois   .          Reflect  .    (helmet unavailable)
rElec   .          Rampage  .    B - +0 cloak
rCorr   .                        (no gloves)
Will    .....                    n - +0 pair of boots
Stlth   ++                       f - amulet of faith
HPRegen 0.27/turn                l - ring of protection from cold
MPRegen 0.13/turn                c - ring of protection from fire

@: very heavily drained, very slow
A: permanent stasis, dig shafts and tunnels, antennae 3, four strong arms
a: Dig, Shaft Self, Renounce Religion, Bend Time


You were on level 8 of the Dungeon.
You worshipped Cheibriados.
Cheibriados was pleased with you.
You visited 2 branches of the dungeon, and saw 9 of its levels.

You collected 453 gold pieces.

Inventory:

Hand Weapons
 o - a +0 lajatang (weapon)
Missiles
 t - 2 throwing nets
 C - a curare-tipped dart
Armour
 j - a +2 ring mail of cold resistance (worn)
 n - a +0 pair of boots (worn)
 r - an orb of mayhem
 B - a +0 cloak (worn)
Magical Staves
 a - a staff of poison
Jewellery
 c - a ring of protection from fire (right hand)
 f - an amulet of faith (around neck)
 k - a ring of resist corrosion
 l - a ring of protection from cold (left hand)
 w - a ring of ice
Wands
 e - a wand of iceblast (5)
 y - a wand of polymorph (3)
Scrolls
 d - 2 scrolls of poison
 i - 2 scrolls of silence {unknown}
 p - 4 scrolls of identify {unknown}
 s - 3 scrolls of vulnerability {unknown}
 u - 3 scrolls of enchant weapon
 v - 2 scrolls of amnesia {unknown}
 x - 2 scrolls of blinking {unknown}
 z - a scroll of fear {unknown}
 D - 2 scrolls of enchant armour {unknown}
 E - a scroll of magic mapping {unknown}
Potions
 b - a potion of magic
 g - 2 potions of brilliance {unknown}
 h - 3 potions of attraction {unknown}
 m - a potion of heal wounds {unknown}
 q - 3 potions of curing
 A - a potion of flight {unknown}
 F - a potion of berserk rage {unknown}
 G - a potion of invisibility {unknown}


   Skills:
 + Level 5.4 Fighting
 + Level 1.7 Staves
 + Level 3.4 Armour
 - Level 1.7 Dodging
 - Level 2.4 Stealth
 - Level 3.0 Spellcasting
 - Level 1.1 Transmutations
 - Level 3.0 Air Magic
 * Level 10.3 Poison Magic
 + Level 4.5 Invocations


You had 4 spell levels left.
You knew the following spells:

 Your Spells              Type           Power      Damage    Failure   Level
a - Sting                 Tmut/Pois      100%       1d8       2%          1
b - Poisonous Vapours     Pois/Air       62%        N/A       2%          2
c - Mephitic Cloud        Conj/Pois/Air  21%        N/A       11%         3
d - Olgreb's Toxic Radia  Pois           46%        N/A       3%          4

Your spell library contained the following spells:

 Spells                   Type           Power      Damage    Failure   Level
 Apportation              Tloc           6%         N/A       22%         1
 Necrotise                Necr           12%        1d4       22%         1
 Summon Small Mammal      Summ           12%        N/A       22%         1
 Dazzling Flash           Conj/Hex       6%         N/A       54%         3
 Hailstorm                Conj/Ice       3%         3d3       54%         3
 Ice Form                 Ice/Tmut       5%         N/A       87%         4
 Silence                  Hex/Air        4%         N/A       97%         5
 Agony                    Necr           3%         N/A       99%         5
 Simulacrum               Ice/Necr       1%         N/A       100%        6


Dungeon Overview and Level Annotations

Branches:
Dungeon (8/15)             Temple (1/1) D:5
   Lair: D:8-11

Altars:
Ashenzari
Cheibriados
Dithmenos
Elyvilon
Fedhas
Gozag
Hepliaklqana
Kikubaaqudgha
Makhleb
Nemelex Xobeh
Okawaru
Qazlal
Ru
Sif Muna
Trog
Uskayaw
Vehumet
Wu Jian
Xom
Yredelemnul
Zin
The Shining One

Shops:
D:5 ?

Annotations:
D:6 3 runed translucent doors, pzskc383's ghost, novice GrFi
Temple 2 transporters


Innate Abilities, Weirdness & Mutations

You cannot be hasted, slowed, berserked, paralysed or teleported.
You can dig through walls and to a lower floor.
You have a pair of large antennae on your head. (SInv)
Your four strong arms can wield two-handed weapons with a shield.


Message History

You barely miss the wight. The wight hits you but does no damage.
You barely miss the wight.
The wight hits you from afar with a +1 spear.
You feel drained. The wight hits you but does no damage.
The wight barely misses you. x2
The wight hits you from afar with a +1 spear.
You hit the wight.
The wight is heavily damaged.
The wight barely misses you. The wight closely misses you.
The wight hits you with a +3 scimitar of freezing.
You feel drained. The flow of time bends around you.
Cheibriados rebukes the wight.
The wight seems to slow down.
Cheibriados rebukes the wight.
The wight seems to slow down.
The wight hits you from afar with a +1 spear.
The wight closely misses you.
The wight hits you with a +3 scimitar of freezing!
You closely miss the wight. The wight hits you but does no damage.
The wight hits you with a +3 battleaxe of freezing.
* * * LOW HITPOINT WARNING * * *
You feel drained.
* * * LOW HITPOINT WARNING * * *
The wight hits you with a +3 scimitar of freezing.
* * * LOW HITPOINT WARNING * * *
You feel drained.
It was a potion of curing.
You feel better. The wight completely misses you.
You slash the wight!
The wight is almost destroyed.
The wight hits you from afar with a +1 spear.
The wight hits you with a +3 battleaxe of freezing!
* * * LOW HITPOINT WARNING * * *
You feel drained.
* * * LOW HITPOINT WARNING * * *
The wight freezes you.
* * * LOW HITPOINT WARNING * * *
The wight barely misses you.
The wight hits you from afar with a +1 spear.
You die...

.................#.
.................#.
.................#.
................#.
....[...........#'
###+##.....#####....
+....#.....#...'....
#....#.....)...#....
#..@z#.....#...#....
#####z#.....#...#....
#..z.z......#...#....
...z.z........#...#....
.......>......#...#....
.........######...#####
z........# #........
.......... #........
.......... ##..##..#


You could see 3 wights.

Vanquished Creatures
  2 water moccasins
  An ice beast (D:5)
  A sky beast (D:6)
  A hornet zombie (D:6)
  An ogre (D:5)
  A centaur (D:7)
  A phantom (D:6)
  A kobold brigand (D:7)
  3 bullfrogs (D:7)
  A scorpion (D:6)
  5 wights
  A howler monkey (D:5)
  A bullfrog zombie (D:6)
  4 jellies
  3 hounds
  2 orc priests (D:5)
  3 iguanas
  5 adders
  A white imp (D:4)
  2 ufetubi
  A worm (D:3)
  2 dart slugs (D:2)
  12 orcs
  10 ball pythons
  2 bats
  3 endoplasms
  A giant cockroach (D:4)
  4 goblins
  3 hobgoblins
  A quokka (D:4)
  3 frilled lizards
  4 kobolds
  3 rats (D:2)
89 creatures vanquished.

Notes
Turn   | Place    | Note
-------+----------+-------------------------------------------
     0 | D:1      | Bnni the Formicid Venom Mage began the quest for the Orb.
     0 | D:1      | Reached XP level 1. HP: 13/13 MP: 3/3
   755 | D:2      | Reached XP level 2. HP: 6/20 MP: 0/5
   760 | D:2      | HP: 1/20 [poisoned by an adder]
   847 | D:2      | Reached skill level 1 in Fighting
   901 | D:2      | Learned a level 2 spell: Poisonous Vapours
  1057 | D:2      | Reached XP level 3. HP: 22/26 MP: 0/6
  1567 | D:3      | Found a hide-covered altar of Uskayaw.
  1603 | D:3      | Reached skill level 5 in Poison Magic
  1717 | D:3      | Found a burning altar of Makhleb.
  1848 | D:3      | Found a faded altar of an unknown god.
  1969 | D:3      | Reached XP level 4. HP: 32/32 MP: 1/8
  2044 | D:3      | Learned a level 4 spell: Olgreb's Toxic Radiance
  2999 | D:4      | Reached skill level 6 in Poison Magic
  2999 | D:4      | Reached XP level 5. HP: 34/38 MP: 4/9
  3241 | D:5      | Entered Level 5 of the Dungeon
  3245 | D:5      | Noticed an ogre
  3251 | D:5      | Killed an ogre
  3252 | D:5      | Reached XP level 6. HP: 14/46 MP: 1/10
  3326 | D:5      | Learned a level 3 spell: Mephitic Cloud
  3391 | D:5      | Reached skill level 7 in Poison Magic
  3515 | D:5      | Found a staircase to the Ecumenical Temple.
  3522 | Temple   | Entered the Ecumenical Temple
  3522 | Temple   | Found a transporter.
  3522 | Temple   | Found a transporter.
  3524 | Temple   | Found a transporter.
  3524 | Temple   | Found a transporter.
  3546 | Temple   | Became a worshipper of Cheibriados the Contemplative
  3848 | D:5      | Reached skill level 1 in Air Magic
  3848 | D:5      | Reached skill level 1 in Invocations
  3848 | D:5      | Reached XP level 7. HP: 52/52 MP: 2/11
  4037 | D:5      | Found The Oracle's Delphic Readings.
  4191 | D:5      | Reached skill level 8 in Poison Magic
  4463 | D:6      | Noticed a water moccasin
  4479 | D:6      | Killed a water moccasin
  4624 | D:6      | Reached * piety under Cheibriados
  4625 | D:6      | Reached skill level 1 in Armour
  4625 | D:6      | Reached XP level 8. HP: 52/60 MP: 12/12
  4738 | D:6      | Identified the +0 dagger "Vobbeqib" {heavy, Str+3 Dex+3}
  4813 | D:6      | Found a runed translucent gate.
  4813 | D:6      | Found a runed translucent gate.
  4813 | D:6      | Found a runed translucent gate.
  4813 | D:6      | Noticed pzskc383's ghost (novice GrFi)
  4815 | D:6      | Found a basalt altar of Yredelemnul.
  4996 | D:6      | Reached skill level 9 in Poison Magic
  5295 | D:6      | Found a blossoming altar of Fedhas.
  5296 | D:6      | Found an iron altar of Okawaru.
  6069 | D:7      | Found an ornate altar of the Wu Jian Council.
  6172 | D:7      | Reached skill level 5 in Fighting
  6172 | D:7      | Reached XP level 9. HP: 60/68 MP: 10/13
  6377 | D:7      | Reached skill level 1 in Staves
  6548 | D:7      | Reached skill level 10 in Poison Magic
  6575 | D:7      | Reached ** piety under Cheibriados
  6885 | D:8      | Found a shimmering altar of Xom.
  7176 | D:8      | Slain by a wight

Illustrated notes

Levels and vault maps discovered:
D:1:      dpeg_arrival_pits, layout_basic
D:2:      layout_loops_ring, chequers_serial_rivers_small_a
D:3:      layout_basic, mainiacjoe_overflow_paths, bloody_makhleb,
          hellmonk_ecumenical_altar_arch_garden
D:4:      nicolae_cairo_tiling_large_dashed, layout_cave_pools, minmay_cut_off
D:5:      layout_basic, temple_statues, nicolae_nh_oracle_at_delphi
D:6:      layout_cave_pools, mainiacjoe_overflow_divided_tiny,
          nicolae_yredelemnul_ghost_church, dreamdust_wishing_well, minivault_10
D:7:      layout_basic, pdpol_wu_jian_five_deadly_venoms
D:8:      layout_gridville, xom_butterflies, nicolae_sextant
Temple:   hellmonk_temple_divided_pantheon

Skill      XL: |  1  2  3  4  5  6  7  8  9 |
---------------+----------------------------+-----
Fighting       | 1 2 3 4 5 |  5.4
Poison Magic   | 5 6 7 8 9 10 | 10.3
Spellcasting   | 3 |  3.0
Air Magic      | 1 2 3 |  3.0
Invocations    | 1 2 3 4 |  4.5
Armour         | 1 2 3 |  3.4
Staves         | 1 |  1.7
Dodging        | |  1.7
Stealth        | |  2.4
Transmutations | |  1.1

Action                     |  1- 3 |  4- 6 |  7- 9 || total
---------------------------+-------+-------+-------++-------
  Melee: Mace              |     6 |       |       ||     6
         Staff             |    33 |    34 |   128 ||   195
         Punch             |     1 |     1 |     5 ||     7
         Unarmed           |       |       |    14 ||    14
         Lajatang          |       |       |    34 ||    34
   Cast: Sting             |    23 |    47 |    56 ||   126
         Poisonous Vapours |     9 |    10 |     3 ||    22
         Olgreb's Toxic Ra |       |     2 |     1 ||     3
 Invoke: Bend Time         |       |       |     1 ||     1
Ability: Dig               |       |       |     2 ||     2
    Use: Scroll            |       |     1 |     2 ||     3
         Potion            |       |       |     2 ||     2
   Stab: Sleeping          |       |       |     1 ||     1
 Armour: Robe              |     8 |    11 |     8 ||    27
         Ring mail         |       |       |    65 ||    65
         Skin              |       |       |    16 ||    16
  Dodge: Dodged            |    33 |    32 |   136 ||   201

Table legend: (Time is in decaauts)
 A = Elapsed time spent in this place.
 B = Non-inter-level travel time spent in this place.
 C = Inter-level travel time spent in this place.
 D = Time resting spent in this place.
 E = Time spent auto-exploring this place.
 F = Levels seen in this place.
 G = Mean time per level.
                   A        B        C        D        E       F      G
               +--------+--------+--------+--------+--------+-----+--------+
         Total |   8049 |   7770 |    279 |    735 |   5979 |   9 |  894.3 |
       Dungeon |   8002 |   7735 |    267 |    735 |   5978 |   8 | 1000.2 |
        Temple |     47 |     36 |     11 |      0 |      1 |   1 |   47.0 |
               +--------+--------+--------+--------+--------+-----+--------+

Top non-repeatable levels by time:
     D:7: 1528 daAuts
     D:6: 1476 daAuts
     D:5: 1222 daAuts
     D:3: 929 daAuts
     D:2: 822 daAuts
     D:4: 761 daAuts
     D:1: 744 daAuts
     D:8: 516 daAuts
  Temple: 47 daAuts
